 Dungeon Crawl Stone Soup version 0.29-a0-9-g022ca4c890 (webtiles) character file.

Game seed: 9014641271048129880

3021 issech the Basher (level 9, -13/79 HPs)
             Began as a Troll Monk on Jan 28, 2022.
             Was a Priest of Hepliaklqana.
             Mangled by Harold (17 damage)
             ... on level 8 of the Dungeon.
             The game lasted 00:35:01 (6858 turns).

issech the Basher (Troll Monk)                      Turns: 6858, Time: 00:35:01

Health: -13/79     AC:  4    Str: 21    XL:     9   Next: 55%
Magic:  8/8        EV:  6    Int:  6    God:    Hepliaklqana [***...]
Gold:   280        SH:  0    Dex: 16    Spells: 8/8 levels left

rFire   . . .      SeeInvis +   L - +0 giant spiked club
rCold   . . .      Faith    .   (shield currently unavailable)
rNeg    . . .      Spirit   .   b - +0 robe
rPois   +          Reflect  .   (helmet restricted)
rElec   .          Harm     .   (no cloak)
rCorr   .          Rampage  .   (gloves unavailable)
Will    .....                   (boots unavailable)
Stlth   ++........              e - amulet of magic regeneration
HPRegen 1.03/turn               l - ring of see invisible
MPRegen 0.51/turn               p - ring of poison resistance

@: mighty, marked, held
A: reduced essence, large, unfitting armour, claws 3, regeneration 1, shaggy fur
1, tough skin 1
a: Renounce Religion, Recall Ancestor, Ancestor Identity, Transference


You were on level 8 of the Dungeon.
You worshipped Hepliaklqana.
Hepliaklqana was most pleased with you.
You visited 2 branches of the dungeon, and saw 9 of its levels.

You collected 316 gold pieces.
You spent 36 gold pieces at shops.

Inventory:

Hand Weapons
 a - a +0 mace
 i - a +0 shortbow
 r - a +2 vorpal hand axe
 x - a +0 long sword
 y - a +0 hunting sling
 D - a +2 whip of flaming
 E - a +1 flail of holy wrath
 L - a +0 giant spiked club (weapon)
 N - a +2 trident of protection
Missiles
 c - 168 stones
 f - 40 sling bullets
 h - 2 poisoned darts
 u - 93 arrows
 w - 6 boomerangs (quivered)
 C - 4 atropa-tipped darts
 F - 41 bolts
Armour
 b - a +0 robe (worn)
Jewellery
 e - an amulet of magic regeneration (around neck)
 l - a ring of see invisible (left claw)
 n - a ring of positive energy
 p - a ring of poison resistance (right claw)
Wands
 G - a wand of digging (4)
Scrolls
 d - a scroll of magic mapping
 g - a scroll of fog
 q - a scroll of teleportation
 s - 2 scrolls of holy word
 z - 2 scrolls of immolation
 I - 2 scrolls of enchant armour
 J - 2 scrolls of amnesia
 P - a scroll of fear
Potions
 j - 2 potions of curing
 k - 3 potions of lignification
 m - 2 potions of brilliance
 o - a potion of flight {unknown}
 t - 2 potions of degeneration
 A - 3 potions of might
 B - 2 potions of magic {unknown}
 H - 2 potions of heal wounds
 M - 2 potions of mutation {unknown}
 O - a potion of ambrosia {unknown}


   Skills:
 + Level 5.4 Fighting
 + Level 8.5 Maces & Flails
 + Level 6.0 Dodging
 + Level 3.2 Stealth


You had 8 spell levels left.
You didn't know any spells.
Your spell library contained the following spells:

 Spells                   Type           Power      Damage    Failure   Level
 Animate Dead             Necr           0%         N/A       99%         4
 Haunt                    Necr/Summ      0%         N/A       100%        7
 Infestation              Necr           0%         N/A       100%        8


Dungeon Overview and Level Annotations

Branches:
Dungeon (8/15)             Temple (1/1) D:5
   Lair: D:8-11

Altars:
Ashenzari
Cheibriados
Dithmenos
Elyvilon
Fedhas
Gozag
Hepliaklqana
Kikubaaqudgha
Makhleb
Nemelex Xobeh
Okawaru
Qazlal
Ru
Sif Muna
Trog
Uskayaw
Vehumet
Wu Jian
Yredelemnul
Zin
The Shining One

Shops:
D:6 =   D:7 *

Annotations:
D:8 Harold


Innate Abilities, Weirdness & Mutations

Your life essence is reduced to manifest your ancestor. (-10% HP)
You are too large for most types of armour.
You have claws for hands.
Your natural rate of healing is unusually fast.
You are covered in fur. (AC +1)
You have tough skin. (AC +1)


Message History

The two-headed ogre is severely wounded.
The two-headed ogre closely misses you.
The two-headed ogre hits you with a +0 giant club!
Aylmer points at the two-headed ogre and mumbles some strange words.
The puff of frost hits the two-headed ogre!
You strike the helpless two-headed ogre from behind!
You impale the two-headed ogre!!
You kill the two-headed ogre!
Harold hits Aylmer with a +0 long sword!!
Your Dodging skill increases to level 6!
Your Stealth skill increases to level 3!
The sentinel's mark upon you fades away.
Aylmer hits Harold with a +0 quarterstaff!
Harold says, "Bounty hunting has been great, but I can't wait to retire."
Harold hits Aylmer with a +0 long sword!!
Aylmer is destroyed!
Harold fires a harpoon shot at you. The harpoon shot hits you.
You are yanked forward by the harpoon shot.
Your howler monkey hits the orc warrior but does no damage. x2
Harold gestures at you while chanting. A sentinel's mark forms upon you.
Your howler monkey hits the troll.
The orc warrior drinks a potion.
The orc warrior goes berserk!
The orc warrior rages.
Harold throws a throwing net.
The throwing net hits you.
You become entangled in the net!
You see here a throwing net.
You struggle against the net.
Your howler monkey dissolves into shadows!
Okay, then.
Okay, then.
You feel very mighty all of a sudden. The orc warrior barely misses you.
A wight comes into view. It is wielding a +2 great sword.
You tear a large gash into the net.
The orc warrior completely misses you.
The orc warrior hits you with a +0 battleaxe!!
* * * LOW HITPOINT WARNING * * *
Harold hits you with a +0 long sword!
You die...

.To@........###..##.#
#.#
.######...##.#.####.#
#.# .# ##o## #.# #.#
#.# .# #@# #.# #.#
#.# .# #.####.### #.#
#.# .# #.##.....# #.#
#.# .#
#.##.#.#.###.######.#
.#
#.z>................#
.#
####.##To@...########
#....@#.###
####.##.########
#.##........#
#.#########.# #.# #.#
#.# #># #.. #.# #>#
#.#


You could see Harold, a troll, an orc warrior (berserk) and a wight.

Vanquished Creatures
  A two-headed ogre (D:8)
  A wyvern (D:7)
  2 water moccasins (D:7)
  An ice beast (D:8)
  An ogre (D:7)
  A centaur (D:6)
  A phantom (D:6)
  4 scorpions
  An orc priest (D:6)
  A gnoll shaman (D:7)
  2 hounds
  A jelly (D:5)
  2 centaur skeletons
  2 iguanas
  4 orc wizards
  A hound zombie (D:5)
  A hound skeleton (D:4)
  3 gnolls (D:5)
  2 adders
  A white imp (D:7)
  An ufetubus (D:5)
  4 worms
  2 dart slugs
  12 orcs
  6 endoplasms
  10 goblins
  8 hobgoblins
  7 jackals
  6 kobolds
  2 quokkas
  8 ball pythons
  3 bats
  3 frilled lizards
  6 rats
111 creatures vanquished.

Vanquished Creatures (collateral kills)
  Edmund (D:5)
  A water moccasin (D:7)
  An ice beast (D:6)
  A necrophage (D:7)
  A centaur (D:8)
  A gnoll sergeant (D:7)
  A bullfrog (D:7)
  A wight (D:8)
  5 howler monkeys (D:8)
  An orc priest (D:6)
  2 bullfrog skeletons
  An orc wizard (D:6)
  2 howler monkey zombies (D:7)
  8 orcs
27 creatures vanquished.

Vanquished Creatures (others)
  2 battlemagi (D:8)
  33 plants
35 creatures vanquished.

Grand Total: 173 creatures vanquished

Notes
Turn   | Place    | Note
-------+----------+-------------------------------------------
     0 | D:1      | issech the Troll Monk began the quest for the Orb.
     0 | D:1      | Reached XP level 1. HP: 22/22 MP: 0/0
   169 | D:1      | Reached XP level 2. HP: 29/29 MP: 1/1
   191 | D:1      | Reached skill level 3 in Maces & Flails
   810 | D:1      | Found a faded altar of an unknown god.
   939 | D:2      | Reached XP level 3. HP: 15/36 MP: 2/2
  1869 | D:3      | Reached XP level 4. HP: 45/45 MP: 3/3
  2847 | D:4      | Reached XP level 5. HP: 51/53 MP: 4/4
  3487 | D:5      | Entered Level 5 of the Dungeon
  3498 | D:5      | Noticed Edmund
  3530 | D:6      | Noticed a phantom
  3531 | D:6      | Noticed a centaur
  3544 | D:6      | Reached skill level 4 in Maces & Flails
  3550 | D:6      | Killed a phantom
  3556 | D:6      | Killed a centaur
  3557 | D:6      | Reached XP level 6. HP: 61/61 MP: 5/5
  3613 | D:6      | Found a blossoming altar of Fedhas.
  3660 | D:6      | Noticed an ice beast
  3730 | D:5      | Reached skill level 5 in Maces & Flails
  3862 | D:5      | Reached XP level 7. HP: 65/68 MP: 6/6
  4050 | D:5      | Found a staircase to the Ecumenical Temple.
  4056 | Temple   | Entered the Ecumenical Temple
  4280 | Temple   | Became a worshipper of Hepliaklqana the Forgotten
  4280 | Temple   | Reached * piety under Hepliaklqana
  4280 | Temple   | Reached ** piety under Hepliaklqana
  4281 | Temple   | Remembered your ancestor Aylmer as a battlemage
  4368 | D:5      | Killed Edmund
  5074 | D:6      | Found Bodoyck's Jewellery Shoppe.
  5286 | D:6      | Reached skill level 6 in Maces & Flails
  5286 | D:6      | Reached XP level 8. HP: 29/71 MP: 7/7
  5701 | D:7      | Reached skill level 5 in Dodging
  5765 | D:7      | Found Funuokaf's Assorted Antiques.
  5868 | D:7      | Reached skill level 7 in Maces & Flails
  6077 | D:7      | Found a stormy altar of Qazlal.
  6204 | D:7      | Reached skill level 5 in Fighting
  6220 | D:7      | Reached XP level 9. HP: 52/79 MP: 8/8
  6500 | D:7      | Bought a scroll labelled PUUMIY DIUL for 36 gold pieces
  6517 | D:8      | Reached *** piety under Hepliaklqana
  6573 | D:8      | Noticed Harold
  6770 | D:8      | Noticed a troll
  6774 | D:8      | Noticed a two-headed ogre
  6822 | D:8      | Reached skill level 8 in Maces & Flails
  6847 | D:8      | Killed a two-headed ogre
  6858 | D:8      | Mangled by Harold

Illustrated notes

Levels and vault maps discovered:
D:1:      lemuel_arrival_tunnels, layout_basic,
          ebering_ecumenical_altar_sacrificial, minmay_misc_feat_tiny
D:2:      layout_loops_ring
D:3:      layout_loops_cross, serial_bayou, serial_bayou_pond_d,
          serial_bayou_pond_c, serial_bayou_shore_b, serial_bayou_ford_a
D:4:      layout_gridville, minmay_fractal_squares_gapless_5
D:5:      layout_basic, minmay_temple_entry_fiery, uniq_edmund
D:6:      layout_rooms, fedhas_altar_1, serial_shops, nicolae_shop_crystal,
          grunt_decor_arrowhead
D:7:      minmay_evil_eye, layout_basic, mainiacjoe_overflow_alcove_2,
          serial_shops, shop
D:8:      layout_loops_ring, kennysheep_dice, uniq_harold
Temple:   mainiacjoe_temple_bowtie_tessellation

Skill      XL: |  1  2  3  4  5  6  7  8  9 |
---------------+----------------------------+-----
Maces & Flails | 3 4 5 6 7 8 |  8.5
Dodging        | 3 4 5 6 |  6.0
Fighting       | 3 4 5 |  5.4
Stealth        | 2 3 |  3.2

Action                   |  1- 3 |  4- 6 |  7- 9 || total
-------------------------+-------+-------+-------++-------
Melee: Mace              |   147 |   258 |    33 ||   438
       Punch             |     3 |     5 |     2 ||    10
       Whip              |       |       |   126 ||   126
       Giant spiked club |       |       |     3 ||     3
Invok: Ancestor Life: Ba |       |       |     1 ||     1
  Use: Potion            |       |     3 |     1 ||     4
       Scroll            |       |       |    13 ||    13
 Stab: Sleeping          |       |       |     1 ||     1
       Distracted        |       |       |     1 ||     1
Armor: Robe              |    59 |    55 |    24 ||   138
       Skin              |       |    47 |       ||    47
Dodge: Dodged            |    79 |   109 |    70 ||   258

Table legend: (Time is in decaauts)
 A = Elapsed time spent in this place.
 B = Non-inter-level travel time spent in this place.
 C = Inter-level travel time spent in this place.
 D = Time resting spent in this place.
 E = Time spent auto-exploring this place.
 F = Levels seen in this place.
 G = Mean time per level.
                   A        B        C        D        E       F      G
               +--------+--------+--------+--------+--------+-----+--------+
         Total |   6978 |   6352 |    626 |    122 |   2331 |   9 |  775.3 |
       Dungeon |   6726 |   6145 |    581 |    122 |   2146 |   8 |  840.8 |
        Temple |    252 |    207 |     45 |      0 |    185 |   1 |  252.0 |
               +--------+--------+--------+--------+--------+-----+--------+

Top non-repeatable levels by time:
     D:4: 1105 daAuts
     D:3: 1066 daAuts
     D:5: 1015 daAuts
     D:1: 918 daAuts
     D:7: 808 daAuts
     D:6: 782 daAuts
     D:2: 692 daAuts
     D:8: 336 daAuts
  Temple: 252 daAuts
